 Dungeon Crawl Stone Soup version 0.32-a0-599-gba8f9cf90e (webtiles) character file.

Game seed: 10276301000388014940

1227 ezpacito the Trooper (level 8, -4/67 HPs)
             Began as a Coglin Chaos Knight on Mar 2, 2024.
             Was a Plaything of Xom.
             Slain by a killer bee (6 damage)
             ... on level 7 of the Dungeon.
             The game lasted 00:10:58 (5035 turns).

ezpacito the Trooper (Coglin Chaos Knight)          Turns: 5035, Time: 00:10:58

Health: -4/67      AC: 15    Str: 16    XL:     8   Next: 48%
Magic:  11/11      EV:  8    Int: 11    God:    Xom [.*....]
Gold:   334        SH:  0    Dex: 13    Spells: 11/11 levels left

rFire   . . .        a - +1 hand axe (chaos) {Akiya}
rCold   . . .        C - +0 trident {Aida}
rNeg    . . .        z - +0 chain mail
rPois   .            c - +1 hat
rElec   .            w - +2 cloak
rCorr   .            f - +0 pair of gloves
SInv    .            (no boots)
Will    .....        (amulet unavailable) Stlth
                     (ring unavailable)
HPRegen 0.31/turn    (ring unavailable)
MPRegen 0.12/turn    (no gizmo)

%: no passive effects
@: lethally poisoned (-4 -> -10), revved
A: off-hand wielding, slow wielding, warmup strikes, no jewellery, robust 1,
shaggy fur 1, inability to drink after injury 1
a: Invent Gizmo, Renounce Religion


You were on level 7 of the Dungeon.
You worshipped Xom.
You were a plaything of Xom.
You visited 1 branch of the dungeon, and saw 7 of its levels.
You also visited: Ossuary.

You collected 334 gold pieces.

Inventory:

Hand Weapons
 a - a +1 hand axe of chaos (weapon) {Akiya}
 C - a +0 trident (offhand) {Aida}
 E - a +3 war axe
Missiles
 p - 18 poisoned darts
 D - 5 boomerangs
Armour
 c - a +1 hat (worn)
 f - a +0 pair of gloves (worn)
 w - a +2 cloak (worn)
 y - a +0 plate armour
 z - a +0 chain mail (worn)
Wands
 k - a wand of warping (3)
 m - a wand of acid (11)
 n - a wand of paralysis (5)
 x - a wand of flame (7)
Scrolls
 d - a scroll of summoning {unknown}
 e - 3 scrolls of immolation
 g - a scroll of fear
 j - a scroll of vulnerability {unknown}
 o - 2 scrolls of poison
 t - 2 scrolls of teleportation
 u - a scroll of enchant weapon
 A - a scroll of fog {unknown}
 B - 2 scrolls of blinking
Potions
 h - 2 potions of lignification
 s - a potion of enlightenment {unknown}
 v - a potion of brilliance {unknown}
 F - a potion of cancellation {unknown}
 G - a potion of attraction {unknown}


   Skills:
 * Level 4.8 Fighting
 * Level 4.7(5.0) Axes
 + Level 2.2(3.5) Polearms
 * Level 3.7 Armour
 * Level 3.3 Dodging
 + Level 2.4 Stealth
 + Level 2.1 Unarmed Combat
 + Level 2.0 Spellcasting
 * Level 3.7 Evocations


You had 11 spell levels left.
You didn't know any spells.
Your spell library contained the following spells:

 Spells                   Type           Power      Damage    Failure   Level
 Magic Dart               Conj           4%         1d3       97%         1
 Blink                    Tloc           2%         N/A       99%         2
 Call Imp                 Summ           2%         N/A       99%         2
 Mercury Vapours          Alch/Air       2%         N/A       99%         2
 Dimensional Bullseye     Hex/Tloc       0%         N/A       100%        4
 Freezing Cloud           Conj/Ice/Air   0%         6-21      100%        5
 Chain Lightning          Conj/Air       0%         2d1       100%        9


Dungeon Overview and Level Annotations

Branches:
Dungeon (7/15)            Ossuary (visited)
 Temple: D:4-7

Altars:
Ashenzari
Fedhas
Hepliaklqana
Kikubaaqudgha
Nemelex Xobeh
Okawaru
Xom

Shops:
D:3 :


Innate Abilities, Weirdness & Mutations

You can wield a second weapon in your off-hand.
It takes a long time for you to wield or remove held weapons.
Your first few attacks do less damage.
You cannot equip rings or amulets.
You are robust. (+10% HP)
You are covered in fur. (AC +1)
You occasionally lose the ability to drink potions when taking damage.


Message History

You slash the killer bee with your +1 hand axe of chaos!
You kill the killer bee!
You closely miss the killer bee with your +1 hand axe of chaos.
The killer bee stings you.
* * * LOW HITPOINT WARNING * * *
The killer bee stings you but does no damage. x2
You take 4 damage, and have 14/67 hp.
MP restored: 11 You hit the killer bee but do no damage.
The killer bee is lightly wounded.
You closely miss the killer bee with your +1 hand axe of chaos.
The killer bee stings you but does no damage. x2
You barely miss the killer bee with your +1 hand axe of chaos.
The killer bee is lightly wounded.
You hit the killer bee with your +0 trident.
The killer bee stings you but does no damage.
The killer bee barely misses you.
You hit the killer bee but do no damage.
The killer bee is moderately wounded.
You hit the killer bee with your +1 hand axe of chaos.
You burn the killer bee. The killer bee stings you.
* * * LOW HITPOINT WARNING * * *
The killer bee barely misses you.
You take 6 damage, and have 9/67 hp.
You miss the killer bee with your +0 trident.
The killer bee is severely wounded.
You closely miss the killer bee with your +1 hand axe of chaos.
The killer bee stings you.
* * * LOW HITPOINT WARNING * * *
You are lethally poisoned!
The killer bee poisons you! The killer bee barely misses you.
You take 5 damage, and have 4/67 hp.
You completely miss the killer bee with your +1 hand axe of chaos.
The killer bee is severely wounded.
You miss the killer bee with your +0 trident.
* * * LOW HITPOINT WARNING * * *
You feel very sick.
The killer bee stings you but does no damage.
The killer bee stings you.
You die...

...# #..# #..###
#..#.### .
##......##
..##..<.....###
...............##
##.....y†.......#
##....†@†......#
#....††........
#..............
#......<...$...
#..............
#..............
#.............#
#...........##


You could see a killer bee.

Vanquished Creatures
  A black bear (D:5)
  An ogre (D:6)
  A weeping skull (Ossuary)
  A bullfrog (D:6)
  2 scorpions
  A burial acolyte (Ossuary)
  5 killer bees (D:7)
  A howler monkey (D:6)
  A hound (D:6)
  2 sleepcaps (D:6)
  An iguana (D:6)
  5 mummies (Ossuary)
  10 gnolls
  10 adders
  A river rat (D:2)
  A shadow imp (D:6)
  A white imp (D:6)
  A dart slug (D:3)
  3 ribbon worms
  10 orcs
  7 bats
  11 endoplasms
  2 giant cockroaches
  9 hobgoblins
  6 jackals
  7 kobolds
  6 quokkas
  7 ball pythons
  4 frilled lizards
  3 gnoll zombies (Ossuary)
  2 goblins
  5 orc zombies (Ossuary)
  9 rats
137 creatures vanquished.

Notes
Turn   | Place    | Note
-------+----------+-------------------------------------------
     0 | D:1      | ezpacito the Coglin Chaos Knight began the quest for the
                  | Orb.
     0 | D:1      | Reached XP level 1. HP: 18/18 MP: 1/1
    15 | D:1      | XOM: silly message
    39 | D:1      | Reached skill level 1 in Dodging
    64 | D:1      | Reached XP level 2. HP: 24/24 MP: 2/2
   343 | D:1      | Reached XP level 3. HP: 28/29 MP: 3/3
   593 | D:2      | XOM: silly message
   749 | D:2      | Found a faded altar of an unknown god.
   749 | D:2      | XOM: 5-stop teleportation journey
   868 | D:2      | Found a broken altar of Ashenzari.
   886 | D:2      | XOM: god gift: wand of warping (3)
   897 | D:2      | Reached skill level 1 in Stealth
   947 | D:2      | Reached XP level 4. HP: 35/35 MP: 4/4
   959 | D:2      | XOM: silly message
  1122 | D:2      | XOM: god gift: wand of paralysis (6)
  1296 | D:2      | XOM: divination: detect creatures
  1299 | D:2      | XOM: smoke on damage
  1373 | D:2      | Reached skill level 1 in Unarmed Combat
  1547 | D:2      | XOM: scenery: create altars
  1604 | D:3      | XOM: scenery: summon butterflies
  1670 | D:3      | XOM: divination: detect items
  1674 | D:3      | Reached XP level 5. HP: 41/41 MP: 4/6
  1958 | D:3      | Found a hazy altar of Hepliaklqana.
  2047 | D:3      | Got the Cyclopedia of Vapourous Hexes
  2074 | D:3      | Reached skill level 1 in Polearms
  2091 | D:3      | Found Rymuisuyle's Book Shop.
  2185 | D:3      | Reached skill level 1 in Spellcasting
  2225 | D:3      | XOM: give mutations
  2225 | D:3      | Gained mutation: You are robust. (+10% HP) [Xom's mischief]
  2225 | D:3      | Gained mutation: You are partially covered in large bone
                  | plates. (SH +4) [Xom's mischief]
  2310 | D:3      | Found an ancient bone altar of Kikubaaqudgha.
  2311 | D:3      | Found a blossoming altar of Fedhas.
  2697 | D:4      | Reached XP level 6. HP: 48/52 MP: 7/7
  2742 | D:4      | Found a sparkling altar of Nemelex Xobeh.
  3169 | D:4      | XOM is BORED!
  3169 | D:4      | XOM: summons 4 hostile demons
  3362 | D:4      | XOM: scenery: 1 doors close
  3427 | D:5      | Entered Level 5 of the Dungeon
  3468 | D:5      | Reached skill level 1 in Evocations
  3506 | D:5      | Noticed a black bear
  3508 | D:5      | XOM: cleaving
  3511 | D:5      | Killed a black bear
  3575 | D:5      | Found a sand-covered staircase.
  3579 | Ossuary  | Entered an ossuary
  3598 | Ossuary  | XOM: confuse monster(s)
  3656 | Ossuary  | XOM: swap monsters
  3658 | Ossuary  | XOM: enchant monster (good)
  3666 | Ossuary  | Reached XP level 7. HP: 58/59 MP: 9/9
  4074 | D:5      | XOM: give mutation
  4074 | D:5      | Gained mutation: You occasionally lose the ability to read
                  | scrolls when taking damage. [Xom's mischief]
  4202 | D:6      | XOM: silly message
  4259 | D:6      | XOM: summons 3 hostile shadow creatures
  4531 | D:6      | Reached XP level 8. HP: 38/67 MP: 10/10
  4782 | D:6      | Found an iron altar of Okawaru.
  4875 | D:6      | XOM: silly message
  4876 | D:6      | XOM: silly message
  4991 | D:7      | Lost mutation: You are partially covered in large bone
                  | plates. (SH +4) [potion of mutation]
  4991 | D:7      | Lost mutation: You occasionally lose the ability to read
                  | scrolls when taking damage. [potion of mutation]
  4991 | D:7      | Gained mutation: Your magical capacity is low. (-10% MP)
                  | [potion of mutation]
  4992 | D:7      | Lost mutation: You are robust. (+10% HP) [potion of
                  | mutation]
  4992 | D:7      | Lost mutation: Your magical capacity is low. (-10% MP)
                  | [potion of mutation]
  4992 | D:7      | Gained mutation: You occasionally lose the ability to drink
                  | potions when taking damage. [potion of mutation]
  4992 | D:7      | Gained mutation: You are covered in fur. (AC +1) [potion of
                  | mutation]
  4992 | D:7      | Gained mutation: You are robust. (+10% HP) [potion of
                  | mutation]
  5035 | D:7      | HP: 2/67 [poisoned by a killer bee]
  5035 | D:7      | Slain by a killer bee

Illustrated notes

Levels and vault maps discovered:
D:1:      dpeg_arrival_renting, layout_rooms
D:2:      layout_basic, chequers_ecumenical_altar_simple_redux, basic_altar
D:3:      layout_basic, grunt_temple_overflow_growth_and_decay,
          nicolae_hepliaklqana_hippocampus, serial_shops,
          nicolae_shop_tiny_real_fake_doors, minmay_checkerbox
D:4:      layout_basic, nicolae_overflow_crystal_walls, st_stairs_14,
          kennysheep_nondescript
D:5:      layout_rooms, nicolae_ossuary_entry_false_entrances
D:6:      corexii_shack_village, layout_cave_pools,
          mainiacjoe_overflow_surrounded_room
D:7:      layout_cave_pods, cheibriados_altar_1,
          nicolae_ru_great_annihilating_truth, minmay_temple_entry_wispy

Skill      XL: |  1  2  3  4  5  6  7  8 |
---------------+-------------------------+-----
Dodging        | 1 2 3 |  3.3
Armour         | 2 3 |  3.7
Stealth        | 1 2 |  2.4
Unarmed Combat | 1 2 |  2.1
Polearms       | 1 2 |  2.2
Spellcasting   | 1 2 |  2.0
Evocations     | 1 3 |  3.7
Fighting       | 4 |  4.8
Axes           | 4 |  4.7

Action                     |  1- 3 |  4- 6 |  7- 9 || total
---------------------------+-------+-------+-------++-------
  Melee: Dagger            |    14 |       |       ||    14
         Hand axe          |    99 |   169 |   116 ||   384
         Trident           |       |    95 |   117 ||   212
  Evoke: Wand              |       |     1 |     1 ||     2
    Use: Scroll            |     5 |     5 |     1 ||    11
         Potion            |       |     1 |     7 ||     8
   Stab: Paralysed         |       |     2 |       ||     2
         Confused          |       |     4 |     2 ||     6
         Petrified         |       |       |     4 ||     4
 Armour: Leather armour    |    23 |       |       ||    23
         Scale mail        |    19 |    93 |    15 ||   127
         Chain mail        |       |       |   153 ||   153
  Dodge: Dodged            |    34 |    68 |    71 ||   173
  Block: Other             |       |    12 |    24 ||    36

Table legend: (Time is in decaauts)
 A = Elapsed time spent in this place.
 B = Non-inter-level travel time spent in this place.
 C = Inter-level travel time spent in this place.
 D = Time resting spent in this place.
 E = Time spent auto-exploring this place.
 F = Levels seen in this place.
 G = Mean time per level.
                   A        B        C        D        E       F      G
               +--------+--------+--------+--------+--------+-----+--------+
         Total |   5078 |   4759 |    319 |    112 |   3356 |   8 |  634.8 |
       Dungeon |   4843 |   4524 |    319 |    112 |   3267 |   7 |  691.9 |
       Ossuary |    234 |    234 |      0 |      0 |     89 |   1 |  234.0 |
               +--------+--------+--------+--------+--------+-----+--------+

Top non-repeatable levels by time:
     D:2: 1032 daAuts
     D:3: 967 daAuts
     D:4: 952 daAuts
     D:6: 834 daAuts
     D:1: 563 daAuts
     D:5: 447 daAuts
 Ossuary: 234 daAuts
     D:7: 46 daAuts
